 Dungeon Crawl Stone Soup version 0.26-a0-651-gb41185065b (webtiles) character file.

Game seed: 16626230544194950051

(classic levelgen) 0 EnegeticOcto the Sneak (level 1, -1/20 HPs)
             Began as a Deep Dwarf Delver on Oct 23, 2020.
             Was a Plaything of Xom.
             Slain by a wyvern zombie (9 damage)
             ... on level 6 of the Dungeon.
             The game lasted 00:00:19 (53 turns).

EnegeticOcto the Sneak (Deep Dwarf Delver)            Turns: 53, Time: 00:00:20

Health: -1/20      AC:  3    Str: 15    XL:     1   Next: 8%
Magic:  1/1        EV: 12    Int: 10    God:    Xom [..*...]
Gold:   12         SH:  0    Dex: 14    Spells: 0/0 levels left

rFire    . . .     SeeInvis .   a - +0 hand axe
rCold    . . .     Faith    .   (no shield)
rNeg     . . .     Spirit   .   b - +0 leather armour
rPois    .         Reflect  .   (no helmet)
rElec    .         Harm     .   (no cloak)
rCorr    .         Rampage  .   (no gloves)
MR       .....                  (no boots)
Stlth    +++.......             (no amulet)
HPRegen  0.00/turn              (no ring)
MPRegen  0.07/turn              (no ring)

@: non-regenerating
A: damage resistance, heal wounds, sense surroundings 1, no regeneration
a: Heal Wounds, Renounce Religion


You were on level 6 of the Dungeon.
You worshipped Xom.
You were a toy of Xom.
You visited 1 branch of the dungeon, and saw 2 of its levels.

You collected 12 gold pieces.

Inventory:

Hand Weapons
 a - a +0 hand axe (weapon)
Armour
 b - a +0 leather armour (worn)
Wands
 g - a wand of digging (3) {@v3}
Scrolls
 c - a scroll of fog
 d - a scroll of magic mapping {@r5}
 e - a scroll of fear
Potions
 f - a potion of haste {@q4}
 h - a potion of degeneration {unknown}
 i - a potion of heal wounds {unknown}
 j - a potion of brilliance {unknown}


   Skills:
 - Level 2.6 Fighting
 + Level 2.2 Axes
 - Level 2.1 Dodging
 - Level 6.0 Stealth


You couldn't memorise any spells.
You didn't know any spells.
Your spell library was empty.

Dungeon Overview and Level Annotations

Branches:
Dungeon (6/15)
 Temple: D:4-7

Altars:
Xom


Innate Abilities, Weirdness & Mutations

You are resistant to damage.
You can heal yourself by infusing magical energy.
You passively map a small area around you.
You do not regenerate.


Message History

Welcome, EnegeticOcto the Deep Dwarf Delver.
It is said that the Orb of Zot exists deep within this dungeon.
Press ? for a list of commands and other information.
Found a bubbling sapphire potion and 28 gold pieces.
Found an escape hatch in the ceiling.
Found a stone staircase leading down.
h - a bubbling sapphire potion You now have 12 gold pieces.
A jelly comes into view.
There is a stone staircase leading down here.
You climb downwards.
Found a red potion and a fizzy emerald potion.
Found a stone staircase leading up.
There is a stone staircase leading up here.
Found a stone staircase leading down.
There is a stone staircase leading up here.
i - a fizzy emerald potion
j - a red potion A wyvern zombie comes into view.
Found a stone staircase leading up.
There is a stone staircase leading down here.
Found a ring mail.
Found a shimmering altar of Xom.
A quokka skeleton comes into view.
Found a runed leather armour.
You see here a ring mail.
There is a shimmering altar of Xom here.
You kneel at the altar of Xom.
Xom welcomes you! The quokka skeleton bites you.
You hit the quokka skeleton.
The quokka skeleton is heavily damaged.
The wyvern zombie misses you.
The quokka skeleton bites you but does no damage.
You hit the quokka skeleton but do no damage.
The quokka skeleton is heavily damaged.
You hit the wyvern zombie but do no damage.
The wyvern zombie bites you!
Ouch! That really hurt!
The quokka skeleton barely misses you.
You hit the quokka skeleton.
You destroy the quokka skeleton!
You hit the wyvern zombie. The wyvern zombie bites you.
* * * LOW HITPOINT WARNING * * *
The wyvern zombie bites you.
* * * LOW HITPOINT WARNING * * *
You are too injured to fight recklessly!
You fail to use your ability.
The wyvern zombie barely misses you.
You feel much better. The wyvern zombie bites you.
The wyvern zombie barely misses you.
You hit the wyvern zombie.
The wyvern zombie is lightly damaged.
The wyvern zombie closely misses you.
You hit the wyvern zombie.
The wyvern zombie is moderately damaged.
The wyvern zombie closely misses you. The wyvern zombie bites you!
Ouch! That really hurt!
You are too injured to fight recklessly!
You are too injured to fight recklessly!
You feel much better. The wyvern zombie barely misses you.
You hit the wyvern zombie.
The wyvern zombie is moderately damaged.
The wyvern zombie bites you but does no damage.
You hit the wyvern zombie but do no damage.
The wyvern zombie is moderately damaged.
The wyvern zombie completely misses you.
The wyvern zombie bites you!
You completely miss the wyvern zombie.
The wyvern zombie is moderately damaged.
The wyvern zombie barely misses you.
You hit the wyvern zombie.
The wyvern zombie is heavily damaged.
The wyvern zombie bites you! x2
You die...
Xom chuckles heartily!

* , * ,, * ##### ,
##...###..###
##.....##.... ,,
#....[..#...#### ##
#...@...#...... .# *
#...Z...#....#*##.# , ,
##.....##....###..### .
##...##..Z..#..<....
,....##.##..>####.#..###
* #..........Z......<..#
, *
###.########.#####.###
#.# #.# ,, #.# #.#


You could see a wyvern zombie.

Vanquished Creatures
  A quokka skeleton (D:6)
1 creature vanquished.

Notes
Turn   | Place    | Note
-------+----------+-------------------------------------------
     0 | D:5      | EnegeticOcto the Deep Dwarf Delver began the quest for the
                  | Orb.
     0 | D:5      | Reached XP level 1. HP: 20/20 MP: 1/1
    12 | D:5      | Noticed a jelly
    31 | D:6      | Noticed a wyvern zombie
    35 | D:6      | Found a shimmering altar of Xom.
    41 | D:6      | Became a worshipper of Xom of Enforced Whimsey
    53 | D:6      | Slain by a wyvern zombie

Illustrated notes

Levels and vault maps discovered:
D:5:      layout_cave_pods, minmay_temple_entry_large_hall, uniq_eustachio
D:6:      layout_basic, tgw_sif, lemuel_round_altar, uniq_menkaure,
          uniq_prince_ribbit1

Action                   || total
-------------------------++-------
Melee: Hand axe          ||     9
 Abil: Heal Wounds       ||     2
Armor: Leather armour    ||     2
Dodge: Dodged            ||     9

Table legend: (Time is in decaauts)
 A = Elapsed time spent in this place.
 B = Non-inter-level travel time spent in this place.
 C = Inter-level travel time spent in this place.
 D = Time resting spent in this place.
 E = Time spent auto-exploring this place.
 F = Levels seen in this place.
 G = Mean time per level.
                   A        B        C        D        E       F      G
               +--------+--------+--------+--------+--------+-----+--------+
         Total |     54 |     54 |      0 |      0 |      0 |   2 |   27.0 |
       Dungeon |     54 |     54 |      0 |      0 |      0 |   2 |   27.0 |
               +--------+--------+--------+--------+--------+-----+--------+

Top non-repeatable levels by time:
     D:6: 38 daAuts
     D:5: 16 daAuts
